 Dungeon Crawl Stone Soup version 0.20.1-1-g8b1a95d (webtiles) character file.

69 Ceann the Slasher (level 4, 0/35 HPs)
             Began as a Demonspawn Fighter on Sept 26, 2017.
             Slain by a leopard gecko (1 damage)
             ... on level 3 of the Dungeon.
             The game lasted 00:01:45 (1719 turns).

Ceann the Slasher (Demonspawn Fighter)              Turns: 1719, Time: 00:01:47

Health: 0/35       AC:  6    Str: 16    XL:     4   Next: 2%
Magic:  4/4        EV:  6    Int: 10    God:
Gold:   131        SH:  8    Dex: 13    Spells: 3/3 levels left

rFire    . . .     SeeInvis .   a - +0 long sword
rCold    . . .     Gourm    .   c - +0 shield
rNeg     . . .     Faith    .   b - +0 scale mail
rPois    .         Spirit   .   (helmet restricted)
rElec    .         Reflect  .   (no cloak)
rCorr    .         Harm     .   (no gloves)
MR       .....                  (no boots)
Stlth    ..........             (no amulet)
Regen    0.2/turn               (no ring)
MPRegen  0.1/turn               (no ring)

@: no status effects
A: horns 1, powered by death 1, spiny 1
a: no special abilities


You were on level 3 of the Dungeon.
You were not hungry.

You visited 1 branch of the dungeon, and saw 3 of its levels.

You collected 131 gold pieces.

Inventory:

Hand Weapons
 a - a +0 long sword (weapon)
Armour
 b - a +0 scale mail (worn)
 c - a +0 shield (worn)
Scrolls
 e - a scroll of teleportation {unknown}
 h - 2 scrolls of identify {unknown}
 k - 2 scrolls of immolation {unknown}
 l - 2 scrolls of amnesia {unknown}
 m - a scroll of enchant armour {unknown}
 o - a scroll of remove curse {unknown}
Potions
 d - a potion of might
 g - a potion of haste {unknown}
 n - a potion of heal wounds {unknown}
Comestibles
 f - a bread ration
 i - a meat ration
 j - 3 royal jellies


   Skills:
 - Level 3.0 Fighting
 + Level 3.9 Long Blades
 - Level 2.6 Armour
 - Level 2.6 Shields


You had 3 spell levels left.
You didn't know any spells.

Dungeon Overview and Level Annotations

Branches:
Dungeon (3/15)

Altars:
Sif Muna
The Shining One


Innate Abilities, Weirdness & Mutations

You have a pair of small horns on your head.
You regenerate a little health from kills.
You are partially covered in sharp spines.


Message History

The slug dart hits you! The dart slug launches a dart at you.
The slug dart hits you!
* * * LOW HITPOINT WARNING * * *
You block the leopard gecko's attack.
You enter the shallow water.
Moving in this stuff is going to be slow.
The leopard gecko barely misses you.
The leopard gecko splashes around in the water.
The dart slug launches a dart at you. The slug dart hits you!
* * * LOW HITPOINT WARNING * * *
Found a scroll labeled RISIYGHUYVE.
The leopard gecko bites you.
* * * LOW HITPOINT WARNING * * *
You see here a scroll labeled RISIYGHUYVE.
You barely miss the leopard gecko.
The leopard gecko is struck by your spines.
The leopard gecko bites you.
You die...

#### ... #..#######.#
#≈w.≈≈##.......l@.#
≈≈≈r≈≈#.##.###?####
≈≈≈≈≈≈≈≈≈#.###.#
#w≈≈ww≈≈≈≈..##.#
≈≈≈≈≈≈#≈≈≈.# #.#######
≈≈≈≈#≈≈≈≈≈≈###.......#
≈≈≈≈≈≈≈$≈≈≈≈##w#####.#
.≈...†#≈.≈≈≈##w#.....
[!.<.<...≈w.......#


You could see a leopard gecko.

Vanquished Creatures
  2 adders (D:2)
  An ooze (D:2)
  2 worms (D:2)
  3 dart slugs
  A leopard gecko (D:2)
  4 giant cockroaches
  2 goblins
  4 hobgoblins
  3 jackals (D:2)
  3 kobolds (D:2)
  4 bats
  2 frilled lizards
  5 rats
36 creatures vanquished.

Notes
Turn   | Place    | Note
-------+----------+-------------------------------------------
     0 | D:1      | Ceann the Demonspawn Fighter began the quest for the Orb.
     0 | D:1      | Reached XP level 1. HP: 18/18 MP: 1/1
   611 | D:2      | Gained mutation: You regenerate a little health from kills. [demonic ancestry]
   611 | D:2      | Reached XP level 2. HP: 24/24 MP: 2/2
   653 | D:2      | Found a deep blue altar of Sif Muna.
   674 | D:2      | Found a glowing golden altar of the Shining One.
   763 | D:2      | Gained mutation: You have a pair of small horns on your head. [demonic ancestry]
   763 | D:2      | Reached XP level 3. HP: 29/29 MP: 3/3
  1702 | D:3      | Gained mutation: You are partially covered in sharp spines. [demonic ancestry]
  1702 | D:3      | Reached XP level 4. HP: 17/35 MP: 4/4
  1715 | D:3      | HP: 1/35 [leopard gecko (3)]
  1719 | D:3      | Slain by a leopard gecko

Skill      XL: |  1  2 |
---------------+-------+-----
Long Blades    | 2 3 |  3.9
Fighting       | |  3.0
Armour         | |  2.6
Shields        | |  2.6

Action                   |  1- 3 |  4- 6 || total
-------------------------+-------+-------++-------
Melee: Long sword        |   105 |     1 ||   106
       Headbutt          |    11 |       ||    11
  Eat: Royal jelly       |     1 |       ||     1
       Chunk             |     1 |       ||     1
Armor: Scale mail        |    61 |     1 ||    62
Dodge: Dodged            |    37 |     1 ||    38
Block: Shield            |    53 |     3 ||    56
       Rpst.: Long sword |    10 |       ||    10
